 Dungeon Crawl Stone Soup version 0.29.1-12-g30fa7ad0bf (webtiles) character file.

Game seed: 9503813112052326647

85176 FexLirch the Eclecticist (level 16, 0/127 HPs)
             Began as a Meteoran Earth Elementalist on Jan 4, 2023.
             Was the Champion of Cheibriados.
             Slain by a salamander
             ... wielding a +0 glaive
              (3 damage)
             ... on level 4 of the Snake Pit.
             The game lasted 01:38:35 (6699 turns).

FexLirch the Eclecticist (MeEE)                     Turns: 6699, Time: 01:38:36

Health: 0/127      AC: 10    Str: 24    XL:     16   Next: 82%
Magic:  10/48      EV: 22    Int: 38    God:    Cheibriados [******]
Gold:   138        SH:  0    Dex: 33    Spells: 8/51 levels left

rFire   + + .      SeeInvis .   c - +2 dagger of Midwinter {vorpal, rF++}
rCold   + . .      Faith    .   (no shield)
rNeg    . . .      Spirit   .   F - +2 leather armour {rC+}
rPois   +          Reflect  .   L - +2 hat
rElec   .          Harm     .   Y - +0 cloak
rCorr   .          Rampage  .   i - +1 pair of gloves
Will    ++...                   (no boots)
Stlth   +.........              M - amulet of magic regeneration
HPRegen 0.31/turn               m - ring of magical power
MPRegen 0.71/turn               K - ring of poison resistance

@: about to teleport, weakened, very slightly contaminated, slowed, glowing,
very slow
A: sense surroundings 2, otherworldly, glowing, explore regen
a: Renounce Religion, Bend Time, Temporal Distortion, Slouch, Step From Time


You were on level 4 of the Snake Pit.
You worshipped Cheibriados.
Cheibriados was exalted by your worship.
You visited 6 branches of the dungeon, and saw 24 of its levels.

You collected 1260 gold pieces.
You spent 1122 gold pieces at shops.

Inventory:

Hand Weapons
 c - the +2 dagger of Midwinter (weapon) {vorpal, rF++}
   (You found it on level 1 of the Snake Pit)

   It inflicts extra damage upon your enemies.
   rF:        It greatly protects you from fire.
 x - the +10 bardiche of the Mind {elec, rPois rF+}
   (You found it on level 2 of the Snake Pit)

   It occasionally discharges a powerful burst of electricity upon striking a
   foe.
   rF:        It protects you from fire.
   rPois:     It protects you from poison.
 X - the +7 falchion of Josm {vorpal, *Rage rC+ rN++}
   (You found it on level 2 of the Lair of Beasts)

   It inflicts extra damage upon your enemies.
   rC:        It protects you from cold.
   rN:        It greatly protects you from negative energy.
   *Rage:     It berserks you when you make melee attacks (+20% chance).
Missiles
 j - 10 poisoned darts (quivered)
Armour
 i - a +1 pair of gloves (worn)
 z - the +3 ring mail of the Shoals {rCorr}
   (You found it on level 2 of the Snake Pit)

   rCorr:     It protects you from acid and corrosion.
 F - a +2 leather armour of cold resistance (worn)
 L - a +2 hat (worn)
 T - the +2 robe of Calculation {Harm}
   (You found it on level 3 of the Lair of Beasts)

   Harm:      It increases damage dealt and taken.
 V - a +2 kite shield of positive energy
 Y - a +0 cloak (worn)
Magical Staves
 D - a staff of cold
Jewellery
 a - a ring of positive energy
 m - a ring of magical power (left hand)
 o - a ring of ice
 B - a +4 ring of protection
 I - an amulet of regeneration
 K - a ring of poison resistance (right hand)
 M - an amulet of magic regeneration (around neck)
 S - a ring of protection from fire
 U - a ring of resist corrosion
Wands
 E - a wand of light (13)
 H - a wand of polymorph (12)
 N - a wand of mindburst (2)
 P - a wand of roots (10)
 R - a wand of digging (6)
Scrolls
 e - 10 scrolls of teleportation
 g - 2 scrolls of torment
 h - 8 scrolls of immolation
 l - 2 scrolls of amnesia {unknown}
 n - 2 scrolls of poison
 q - 3 scrolls of fog {unknown}
 r - 4 scrolls of vulnerability
 s - 3 scrolls of brand weapon
 v - 2 scrolls of blinking {unknown}
 C - 2 scrolls of silence {unknown}
 O - 3 scrolls of fear {unknown}
Potions
 b - 4 potions of magic
 f - 9 potions of curing
 k - 3 potions of mutation
 p - 2 potions of might
 t - 5 potions of brilliance
 u - 2 potions of berserk rage
 w - a potion of heal wounds
 A - a potion of ambrosia {unknown}
 G - 4 potions of degeneration {unknown}
 J - a potion of invisibility {unknown}
 W - a potion of attraction {unknown}
Miscellaneous
 Q - a phantom mirror
 Z - a box of beasts


   Skills:
 - Level 7.7 Fighting
 - Level 8.9 Dodging
 - Level 1.4 Stealth
 + Level 18.4 Spellcasting
 - Level 12.2 Conjurations
 - Level 11.5 Summonings
 - Level 1.2 Transmutations
 * Level 12.4 Fire Magic
 - Level 12.0 Earth Magic
 + Level 9.5 Invocations


You had 8 spell levels left.
You knew the following spells:

 Your Spells              Type           Power      Damage    Failure   Level
a - Sandblast             Erth           100%       2d20      0%          1
b - Passwall              Tmut/Erth      59%        N/A       1%          2
c - Stone Arrow           Conj/Erth      100%       3d13      1%          3
d - Iskenderun's Battles  Conj           91%        2d14      1%          5
e - Iron Shot             Conj/Erth      45%        9d9       1%          6
f - Spellforged Servitor  Conj/Summ      45%        N/A       6%          7
g - Fireball              Conj/Fire      45%        3d18      1%          5
h - Starburst             Conj/Fire      45%        6d13      1%          6
i - Ignition              Fire           46%        3d13      36%         8

Your spell library contained the following spells:

 Spells                   Type           Power      Damage    Failure   Level
 Conjure Flame            Conj/Fire      91%        6-21      1%          3
 Ignite Poison            Fire/Tmut/Pois 62%        N/A       1%          3
 Flame Wave               Conj/Fire      91%        2d19      1%          4
 Hailstorm                Conj/Ice       69%        3d14      1%          4
 Petrify                  Tmut/Erth      71%        N/A       1%          4
 Sticky Flame             Conj/Fire      91%        2d10      1%          4
 Ice Form                 Ice/Tmut       39%        N/A       8%          4
 Cause Fear               Hex            17%        N/A       10%         4
 Simulacrum               Ice/Necr       17%        N/A       83%         6
 Dragon Form              Tmut           22%        N/A       99%         7
 Dragon's Call            Summ           44%        N/A       100%        9


Dungeon Overview and Level Annotations

Branches:
Dungeon (12/15) Zot: 5964  Temple (1/1) D:6 Zot: 700    Lair (5/5) D:10 Zot: 1111
 Shoals (1/4) Lair:2 Zot: 882   Snake (4/4) Lair:3 Zot: 1374   Slime (0/5) Lair:5
    Orc (1/2) D:10 Zot: 875

Altars:
Ashenzari
Cheibriados
Dithmenos
Elyvilon
Fedhas
Gozag
Hepliaklqana
Kikubaaqudgha
Makhleb
Nemelex Xobeh
Okawaru
Qazlal
Ru
Sif Muna
Trog
Uskayaw
Vehumet
Wu Jian
Xom
Yredelemnul
Zin
The Shining One
Jiyva

Shops:
D:4 *   D:6 !   D:9 (   D:10 [!   Snake:3 =::

Portals:
Hell: Lair:5

Annotations:
Lair:5 exclusion: oklob plant
Snake:1 Asterion


Innate Abilities, Weirdness & Mutations

You passively map the area around you.
You are easily found by Zot.
You glow in the dark.
You regain HP and MP as you explore.


Message History

Unknown command.
Unknown command.
Unknown command.
Okay, then.
Unknown command.
As you read the scroll of teleportation, it crumbles to dust.
You feel strangely unstable.
The salamander hits you from afar with a +0 glaive!!
You are engulfed in flames.
You resist.
Casting: Sandblast (safe; 0% risk of failure)
Confirm with . or Enter, or press ? or * to list all spells.
Aiming: Iron Shot (dangerous; 1% risk of failure)
Press: ? - help, Shift-Dir - straight line, f - salamander, p - salamander
Aim: a salamander, wielding a +1 spear (87% to hit)
Okay, then.
Unknown command.
Unknown command.
Unknown command.
Your spellforged servitor casts a spell at the naga.
The iron shot hits the naga!!!
The naga dies!
Cheibriados thoroughly appreciates the change of pace.
The salamander tyrant calls gouts of flame from the lava!
The flame surge hits you! You resist.
* * * LOW HITPOINT WARNING * * *
The flame surge hits your spellforged servitor.
Your spellforged servitor resists.
The flame surge hits your battlesphere!
Your battlesphere resists.
A naga sharpshooter comes into view. It is wielding a +0 trident.
The naga sharpshooter unwields a +0 glaive.
The naga sharpshooter wields a +0 shortbow.
The naga sharpshooter mumbles some strange words.
The naga sharpshooter magically shoots an arrow.
The arrow hits you!
* * * LOW HITPOINT WARNING * * *
The salamander hits you from afar with a +0 glaive!
* * * LOW HITPOINT WARNING * * *
You are engulfed in flames.
You resist.
You die...

#** , #....####......[..
# ,
,##.N.##......#..[.).[...
. ,,
,.8..N8........)..÷).....
.,
.....N......)..........[
., , ,
...............†........
. , ,
................÷.......
,, ^,
....................##..
,
....).........##.).####.
,
#......@*......#...)....
,
##....9.............[...
##....N..........†..... ,
#.)).N..............[. *
....)....##........[..[.
..)......###.......<...#
,,,..........
##.........## * ,
,,..........###....[....#
......##.........)..[.#.


You could see 2 naga sharpshooters, a salamander tyrant (ally target), 2
salamanders, a friendly spellforged servitor (summoned) and a friendly
battlesphere.

Vanquished Creatures
  A nagaraja (Snake:2)
  Snorg (D:10)
  3 hydras
  2 salamander tyrants
  A catoblepas (Lair:1)
  9 anacondas
  2 naga warriors
  2 naga sharpshooters
  6 shock serpents
  A sixfirhy (Lair:5)
  A wizard (Lair:5)
  3 naga ritualists
  A deep elf pyromancer (D:12)
  4 mana vipers
  An ugly thing (D:12)
  A cyclops (D:12)
  6 salamanders
  An elephant (Lair:5)
  3 guardian serpents
  4 naga magi
  29 black mambas
  An orange demon (Lair:5)
  9 cane toads
  9 komodo dragons
  A hellwing (Lair:5)
  9 rime drakes
  3 ice devils (Lair:5)
  2 red devils (Lair:5)
  A polar bear (Lair:5)
  17 blink frogs
  A hornet (D:9)
  12 dream sheep
  A snapping turtle (Shoals:1)
  A shadow (D:10)
  A water elemental (Shoals:1)
  A wraith (D:11)
  13 wyverns
  Eustachio (D:6)
  A steam dragon (D:10)
  29 yaks
  11 basilisks
  18 nagas
  3 hell hounds (Lair:5)
  Duvessa (D:7)
  9 water moccasins
  2 orc warriors
  3 black bears
  An ogre (D:6)
  2 ice beasts (D:6)
  A sky beast (D:6)
  11 wolves
  A centaur (D:6)
  10 bullfrogs
  A kobold brigand (D:8)
  A scorpion (D:6)
  2 necrophages
  14 wights
  Dowan (D:7)
  4 killer bees (D:8)
  2 electric eels
  2 howler monkeys
  4 hounds
  A gnoll bouda (D:8)
  An orc priest (D:9)
  2 jellies
  7 orc wizards
  An iguana (D:6)
  9 hell rats
  8 gnolls
  7 adders
  9 river rats (Lair:2)
  2 white imps (D:6)
  2 ufetubi
  3 worms
  28 orcs
  2 ball pythons
  3 endoplasms (D:4)
  4 giant cockroaches
  A hobgoblin (D:3)
  4 jackals (D:2)
  4 kobolds
  A quokka (D:4)
  2 bats
  A frilled lizard (D:1)
  A goblin (D:4)
  2 rats (Lair:2)
404 creatures vanquished.

Vanquished Creatures (collateral kills)
  A nagaraja (Snake:3)
  2 hydras (Lair:1)
  A salamander tyrant (Snake:4)
  3 naga warriors
  2 anacondas
  2 shock serpents
  2 naga sharpshooters
  2 salamander mystics (Snake:4)
  2 harpies (Shoals:1)
  3 mana vipers
  2 salamanders
  9 black mambas
  A merfolk siren (Shoals:1)
  A torpor snail (Lair:1)
  6 naga magi
  A komodo dragon (Lair:1)
  A water elemental (Shoals:1)
  13 nagas
  A water moccasin (Lair:2)
  A wolf (Lair:1)
56 creatures vanquished.

Vanquished Creatures (others)
  29 fungi
  40 plants
69 creatures vanquished.

Grand Total: 529 creatures vanquished

Notes
Turn   | Place    | Note
-------+----------+-------------------------------------------
     0 | D:1      | FexLirch the Meteoran Earth Elementalist began the quest
                  | for the Orb.
     0 | D:1      | Reached XP level 1. HP: 14/14 MP: 5/5
   115 | D:2      | Reached XP level 2. HP: 13/20 MP: 1/6
   118 | D:2      | Learned a level 2 spell: Passwall
   221 | D:2      | Reached skill level 3 in Spellcasting
   221 | D:2      | Reached skill level 1 in Conjurations
   280 | D:1      | Reached XP level 3. HP: 8/26 MP: 0/8
   284 | D:1      | Learned a level 3 spell: Stone Arrow
   395 | D:3      | Noticed a necrophage
   397 | D:3      | Killed a necrophage
   398 | D:3      | Reached XP level 4. HP: 33/33 MP: 2/10
   398 | D:3      | Reached XP level 5. HP: 38/38 MP: 2/11
   434 | D:3      | Reached skill level 4 in Spellcasting
   602 | D:4      | Found a shimmering altar of Xom.
   626 | D:5      | Entered Level 5 of the Dungeon
   746 | D:5      | Reached skill level 5 in Earth Magic
   746 | D:5      | Reached XP level 6. HP: 45/45 MP: 13/13
   794 | D:4      | Found Efexkux's Fire Supplies.
   970 | D:5      | Reached skill level 5 in Spellcasting
   980 | D:5      | Reached XP level 7. HP: 50/50 MP: 15/15
  1000 | D:6      | Found Otho's Distillery.
  1016 | D:6      | Reached skill level 6 in Spellcasting
  1029 | D:7      | Noticed Duvessa
  1029 | D:7      | Noticed Dowan
  1108 | D:6      | Found a staircase to the Ecumenical Temple.
  1115 | Temple   | Entered the Ecumenical Temple
  1187 | Temple   | Became a worshipper of Cheibriados the Contemplative
  1339 | D:6      | Reached skill level 7 in Spellcasting
  1339 | D:6      | Reached XP level 8. HP: 44/57 MP: 15/19
  1355 | D:6      | Reached skill level 8 in Spellcasting
  1358 | D:6      | Noticed Eustachio
  1362 | D:6      | Killed Eustachio
  1363 | D:6      | Reached skill level 9 in Spellcasting
  1446 | D:6      | Reached skill level 10 in Spellcasting
  1468 | D:6      | Gained mutation: You passively map the area around you.
                  | [Meteoran growth]
  1468 | D:6      | Reached XP level 9. HP: 53/62 MP: 23/24
  1475 | D:6      | Reached skill level 11 in Spellcasting
  1485 | D:6      | Reached * piety under Cheibriados
  1505 | D:6      | Reached skill level 12 in Spellcasting
  1628 | D:7      | Found a stormy altar of Qazlal.
  1632 | D:7      | You fall into a shaft and drop 2 floors!
  1651 | D:10     | Entered Level 10 of the Dungeon
  1672 | D:10     | Learned a level 5 spell: Iskenderun's Battlesphere
  1679 | D:10     | Learned a level 6 spell: Iron Shot
  1687 | D:10     | Learned a level 7 spell: Spellforged Servitor
  1827 | D:8      | Found a blossoming altar of Fedhas.
  1855 | D:8      | Reached skill level 1 in Fighting
  1855 | D:8      | Reached skill level 1 in Summonings
  1894 | D:8      | Found a bloodstained altar of Trog.
  1918 | D:8      | Reached XP level 10. HP: 51/72 MP: 14/27
  1921 | D:8      | Reached ** piety under Cheibriados
  1926 | D:8      | Reached skill level 5 in Conjurations
  1999 | D:7      | Killed Dowan
  2001 | D:7      | Killed Duvessa
  2086 | D:9      | Found Acuho's Antique Weapon Boutique.
  2177 | D:9      | Found an ancient bone altar of Kikubaaqudgha.
  2198 | D:9      | You fall into a shaft and drop 1 floor!
  2227 | D:10     | Reached skill level 13 in Spellcasting
  2303 | D:10     | Found Dogrofo's Distillery.
  2395 | D:9      | Paralysed by a hornet for 1 turns
  2397 | D:9      | Reached *** piety under Cheibriados
  2398 | D:9      | Reached XP level 11. HP: 60/82 MP: 24/29
  2504 | D:9      | Reached skill level 5 in Dodging
  2742 | D:7      | You fall into a shaft and drop 2 floors!
  2871 | D:12     | Noticed a deep elf pyromancer
  2877 | D:12     | Killed a deep elf pyromancer
  2878 | D:12     | Reached skill level 14 in Spellcasting
  2893 | D:12     | Noticed a cyan ugly thing
  2896 | D:12     | Killed a cyan ugly thing
  2940 | D:12     | Noticed a cyclops
  2946 | D:12     | Killed a cyclops
  3024 | D:10     | Noticed Snorg
  3030 | D:10     | Killed Snorg
  3031 | D:10     | Reached skill level 5 in Summonings
  3036 | D:10     | Found a staircase to the Orcish Mines.
  3045 | Orc:1    | Entered Level 1 of the Orcish Mines
  3053 | Orc:1    | Noticed an orc sorcerer
  3053 | Orc:1    | Paralysed by an orc sorcerer for 3 turns
  3056 | Orc:1    | Noticed an orc knight
  3076 | D:10     | Found a staircase to the Lair.
  3090 | D:10     | Found Itsi Goqazo's Armour Shop.
  3114 | D:10     | Noticed a great orb of eyes
  3115 | D:10     | Found a viscous altar of Jiyva.
  3136 | Lair:1   | Entered Level 1 of the Lair of Beasts
  3209 | Lair:1   | Noticed a five-headed hydra
  3217 | Lair:2   | Reached XP level 12. HP: 56/93 MP: 11/31
  3225 | Lair:2   | Noticed a six-headed hydra
  3237 | Lair:1   | Reached skill level 5 in Fighting
  3250 | Lair:1   | Noticed a catoblepas
  3257 | Lair:1   | Reached **** piety under Cheibriados
  3471 | Lair:5   | Entered Level 5 of the Lair of Beasts
  3503 | Lair:5   | Reached skill level 10 in Conjurations
  3516 | Lair:5   | Reached ***** piety under Cheibriados
  3517 | Lair:5   | Reached skill level 15 in Spellcasting
  3555 | Lair:5   | Reached skill level 10 in Earth Magic
  3560 | Lair:5   | Reached XP level 13. HP: 89/102 MP: 7/33
  3564 | Lair:5   | Found a viscous altar of Jiyva.
  3702 | Lair:5   | Identified the +3 pair of gloves of the Amoeba {Rampage}
  3956 | Lair:5   | Found a burning altar of Makhleb.
  3964 | Lair:5   | Reached skill level 16 in Spellcasting
  3984 | Lair:5   | Reached ****** piety under Cheibriados
  3999 | Lair:5   | Found a gateway to Hell.
  4040 | Lair:5   | Noticed a six-headed hydra
  4042 | Lair:5   | Killed a six-headed hydra
  4043 | Lair:5   | Reached XP level 14. HP: 113/113 MP: 18/35
  4197 | Lair:4   | Reached skill level 1 in Fire Magic
  4359 | Lair:3   | Found a staircase to the Snake Pit.
  4492 | Lair:3   | Reached skill level 1 in Invocations
  4555 | Lair:3   | Identified the +2 robe of Calculation {Harm}
  5062 | D:4      | Bought Weic's Folio of Ignition for 702 gold pieces
  5068 | D:4      | Learned a level 5 spell: Fireball
  5075 | D:4      | Learned a level 6 spell: Starburst
  5257 | Lair:2   | Found a staircase to the Shoals.
  5259 | Lair:2   | Identified the +7 falchion of Josm {vorpal, *Rage rC+ rN++}
  5307 | Shoals:1 | Entered Level 1 of the Shoals
  5318 | Shoals:1 | Reached skill level 5 in Fire Magic
  5410 | Snake:1  | Entered Level 1 of the Snake Pit
  5446 | Snake:1  | Reached skill level 17 in Spellcasting
  5482 | Snake:2  | Reached XP level 15. HP: 98/121 MP: 17/37
  5593 | Snake:1  | Identified the +5 kite shield of Etefeis {Harm Str-4 Dex-2
                  | SInv}
  5593 | Snake:1  | Noticed Asterion
  5688 | Snake:1  | Reached skill level 5 in Invocations
  5719 | Snake:1  | Found an ornate altar of the Wu Jian Council.
  5741 | Snake:1  | Identified the +2 dagger of Midwinter {vorpal, rF++}
  5900 | Snake:2  | Identified the +10 bardiche of the Mind {elec, rPois rF+}
  5907 | Snake:2  | Identified the +3 ring mail of the Shoals {rCorr}
  5910 | Snake:2  | Noticed a nagaraja
  5913 | Snake:2  | Killed a nagaraja
  5934 | Snake:2  | Reached skill level 10 in Summonings
  6196 | Snake:3  | Noticed a nagaraja
  6198 | Snake:3  | Reached skill level 10 in Fire Magic
  6200 | Snake:3  | Killed a nagaraja
  6204 | Snake:3  | Reached XP level 16. HP: 125/127 MP: 12/38
  6231 | Snake:3  | Found Ziusicaf's Book Shoppe.
  6232 | Snake:3  | Found Ymux's Jewellery Boutique.
  6233 | Snake:3  | Found Poll's Book Shoppe.
  6246 | Snake:3  | Bought an amulet of magic regeneration for 420 gold pieces
  6309 | Snake:4  | Entered Level 4 of the Snake Pit
  6340 | Snake:4  | Reached skill level 18 in Spellcasting
  6532 | Snake:4  | Learned a level 8 spell: Ignition
  6699 | Snake:4  | HP: 3/127 [salamander/+0 glaive (17)]
  6699 | Snake:4  | Slain by a salamander

Illustrated notes

Levels and vault maps discovered:
D:1:      tarquinn_simple_flora_water_d, layout_loops_ring,
          shapermc_ecumenical_altar_mp_highgroup
D:2:      layout_basic, feat_on_display
D:3:      layout_loops_corners, uniq_robin
D:4:      minmay_thinvault, layout_basic, mainiacjoe_overflow_chevrons,
          gammafunk_ghost_arena, minmay_misc_feat_roman, kennysheep_cross_room,
          nicolae_shop_fire_sale [nicolae_sub_dead_trees]
D:5:      layout_rooms, hangedman_decor_riveting
D:6:      layout_gridville, minmay_temple_entry_arrows, serial_shops,
          nicolae_shop_crystal, minivault_22, minmay_pentangle, uniq_eustachio
D:7:      layout_gridville, grunt_qazlal_sundering, uniq_duvessa
D:8:      layout_basic, nicolae_overflow_crystal_walls,
          mainiacjoe_overflow_catwalk, minivault_19
D:9:      layout_gridville, mainiacjoe_overflow_surrounded_room, serial_shops,
          shop, chequers_hall_statues_y
D:10:     gammafunk_jiyva_shrine, layout_rooms, lair_entry_dummy, orc_0_dummy,
          serial_shops, shop, nicolae_shop_temple_entry_statues_fountains,
          nicolae_square_shop, nicolae_shop_clearance, uniq_urug, uniq_snorg
D:11:     layout_roguey, portal_ice_cave_entry_pillars_1
D:12:     layout_long_grid, serial_rivers, chequers_serial_rivers_micro_a,
          chequers_serial_rivers_small_a, chequers_serial_rivers_room_b,
          chequers_serial_rivers_room_a, chequers_serial_rivers_small_b
Temple:   minmay_temple_bridge_d
Lair:1:   layout_chaotic_city, minivault_25, st_stairs_3,
          infiniplex_staircase_pool
Lair:2:   layout_roguey, shoals_dummy_entry, serial_bayou, serial_bayou_shore_b,
          serial_bayou_ford_a, serial_bayou_pond_b, serial_bayou_pond_e,
          serial_bayou_crossing, serial_bayou_lake_a, kennysheep_rathole
Lair:3:   layout_roguey [special_room_mythical_zoo], dummy_snake_entry,
          beast_lair_carwin_4
Lair:4:   layout_big_grid
Lair:5:   evil_forest, layout_long_grid, minmay_slime_entry_oklob_open
Shoals:1: layout_shoals, serial_shops, nicolae_shop_crystal
Snake:1:  layout_misc_corridors, basic_altar, uniq_asterion
Snake:2:  layout_onion, nicolae_shop_i_like_big_books, nicolae_snake_snakewalk
Snake:3:  layout_misc_corridors, statue_in_the_mist_lemuel, grunt_megastairs_5,
          minmay_shop_grove, nicolae_triple_integral
Snake:4:  hellmonk_snake_rune_quicksilver_temple, layout_cave_shapes, uniq_aizul
Orc:1:    layout_diamond_mine, gammafunk_ghost_split, minmay_shop_mass,
          nicolae_orc_stony_grotto

Skill      XL: |  1  2  3  4  5  6  7  8  9 10 11 12 13 14 15 16 |
---------------+-------------------------------------------------+-----
Spellcasting   | 3 4 5 7 10 12 13 14 15 16 17 18 | 18.4
Conjurations   | 1 2 3 4 7 9 10 11 12 | 12.2
Earth Magic    | 4 5 6 7 8 10 11 12 | 12.0
Fighting       | 1 3 4 6 7 |  7.7
Summonings     | 1 3 5 6 7 9 10 11 | 11.5
Dodging        | 3 4 6 7 8 |  8.9
Fire Magic     | 6 10 12 | 12.4
Invocations    | 4 7 9 |  9.5
Stealth        | |  1.4
Transmutations | |  1.2

Action                   |  1- 3 |  4- 6 |  7- 9 | 10-12 | 13-15 | 16-18 || total
-------------------------+-------+-------+-------+-------+-------+-------++-------
Melee: Short sword       |     7 |     1 |       |       |       |       ||     8
       Great sword       |       |       |     5 |    22 |     7 |       ||    34
Throw: Dart              |       |       |     2 |     1 |     2 |       ||     5
 Cast: Sandblast         |    26 |    34 |    30 |    31 |    34 |    11 ||   166
       Passwall          |     3 |     3 |       |     6 |     2 |     1 ||    15
       Stone Arrow       |     2 |    17 |    65 |   113 |   147 |    15 ||   359
       Iskenderun's Batt |       |       |     2 |    32 |    39 |     4 ||    77
       Iron Shot         |       |       |       |    22 |    78 |    44 ||   144
       Spellforged Servi |       |       |       |       |    25 |     7 ||    32
       Fireball          |       |       |       |       |    14 |     6 ||    20
       Starburst         |       |       |       |       |    10 |     1 ||    11
       Ignition          |       |       |       |       |       |     1 ||     1
Invok: Slouch            |       |       |       |       |     1 |       ||     1
       Temporal Distorti |       |       |       |       |     1 |       ||     1
Evoke: Wand              |       |       |       |       |     1 |       ||     1
  Use: Scroll            |       |     2 |     5 |     5 |     7 |     1 ||    20
       Potion            |       |       |     1 |     1 |     6 |       ||     8
Armor: Robe              |     6 |       |       |       |       |       ||     6
       Leather armour    |     1 |     3 |    25 |    46 |    30 |     9 ||   114
Dodge: Dodged            |    10 |     4 |    20 |    95 |   117 |    33 ||   279
